 Dungeon Crawl Stone Soup version 0.27.1-15-g792fb953b9 (webtiles) character file.

Game seed: 8572686379012038519

23 ggallus the Skirmisher (level 2, -10/27 HPs)
             Began as a Draconian Berserker on Nov 18, 2021.
             Was a Follower of Trog.
             Mangled by a gnoll (14 damage)
             ... on level 2 of the Dungeon.
             The game lasted 00:03:47 (1019 turns).

ggallus the Skirmisher (Draconian Berserker)        Turns: 1019, Time: 00:03:48

Health: -10/27     AC:  4    Str: 19    XL:     2   Next: 75%
Magic:  2/2        EV: 12    Int:  7    God:    Trog [*.....]
Gold:   39         SH:  0    Dex: 10    Spells: 1/1 levels left

rFire    . . .     SeeInvis .   a - +0 falchion
rCold    . . .     Faith    .   (no shield)
rNeg     + . .     Spirit   .   (armour unavailable)
rPois    .         Reflect  .   (helmet restricted)
rElec    .         Harm     .   (no cloak)
rCorr    .         Rampage  .   (no gloves)
Will     .....                  (no boots)
Stlth    +.........             (no amulet)
HPRegen  0.09/turn              b - ring of positive energy
MPRegen  0.08/turn              (no ring)

@: no status effects
A: AC +4, unfitting armour, cold-blooded
a: Renounce Religion, Berserk


You were on level 2 of the Dungeon.
You worshipped Trog.
Trog was aware of your devotion.
You visited 1 branch of the dungeon, and saw 2 of its levels.

You collected 39 gold pieces.

Inventory:

Hand Weapons
 a - a +0 falchion (weapon)
Jewellery
 b - a ring of positive energy (left hand)
Scrolls
 c - a scroll of identify {unknown}


   Skills:
 + Level 3.6 Fighting
 + Level 3.4 Long Blades
 + Level 3.1 Dodging


You had one spell level left.
You didn't know any spells.
Your spell library was empty.

Dungeon Overview and Level Annotations

Branches:
Dungeon (2/15)

Altars:


Innate Abilities, Weirdness & Mutations

Your plain brown scales are hard. (AC +4)
You cannot fit into any form of body armour.
You are cold-blooded and may be slowed by cold attacks.


Message History

Found a scroll labelled PUINIKL JUFAEZIS.
The adder hisses angrily.
The gnoll shouts! x2
The adder bites you.
A gnoll comes into view. It is wielding a +0 club.
You miss the adder. The adder misses you.
The adder bites you but does no damage.
You hit the adder.
Your tail-slap misses the adder.
The adder is moderately wounded.
The adder barely misses you.
You hit the adder.
Your tail-slap misses the adder.
The adder is almost dead.
The adder bites you.
You are poisoned.
The adder poisons you!
The gnoll hits you from afar with a +0 vorpal spear.
The adder bites you but does no damage.
You hit the adder.
You kill the adder!
Trog accepts your kill.
You feel sick. The gnoll barely misses you. The gnoll closely misses you.
The gnoll misses you. The gnoll barely misses you.
Found 10 gold pieces.
You feel sick. The gnoll misses you.
You riposte.
You hit the gnoll.
The gnoll is heavily wounded.
You hit the gnoll.
The gnoll is moderately wounded.
You feel sick.
You are no longer poisoned.
The gnoll misses you. x2
The gnoll hits you but does no damage. The gnoll closely misses you.
The gnoll hits you with a +0 club.
You hit the gnoll but do no damage.
Your tail-slap misses the gnoll.
The gnoll barely misses you. x2; You riposte.
You completely miss the gnoll.
The gnoll is heavily wounded.
The gnoll hits you with a +0 club.
* * * LOW HITPOINT WARNING * * *
You hit the gnoll but do no damage. The gnoll barely misses you.
The gnoll hits you with a +0 halberd!
Ouch! That really hurt!
You die...

#.....#
#..#### #..#
#^####..####
#..........#
######..####
#..#
#..#######.#
#...@g.?...#
#..gg.....$.
############


You could see 3 gnolls.

Vanquished Creatures
  An adder (D:2)
  2 endoplasms (D:1)
  A giant cockroach (D:1)
  2 goblins (D:1)
  A hobgoblin (D:1)
  A kobold (D:1)
  2 ball pythons (D:1)
  2 bats (D:1)
  A frilled lizard (D:1)
  2 rats (D:1)
15 creatures vanquished.

Notes
Turn   | Place    | Note
-------+----------+-------------------------------------------
     0 | D:1      | ggallus the Draconian Berserker began the quest for the
                  | Orb.
     0 | D:1      | Reached XP level 1. HP: 19/19 MP: 1/1
   224 | D:1      | Reached XP level 2. HP: 20/26 MP: 2/2
  1019 | D:2      | Mangled by a gnoll

Illustrated notes

Levels and vault maps discovered:
D:1:      elethiomel_arrival_quiet, layout_loops_ring, minmay_misc_feat_roman
D:2:      minmay_spotlight, layout_loops_ring, serial_shops,
          nicolae_shop_crystal, minmay_crystal_water

Skill      XL: |  1  2 |
---------------+-------+-----
Dodging        | 3 |  3.1
Fighting       | |  3.6
Long Blades    | |  3.4

Action                   || total
-------------------------++-------
Melee: Falchion          ||    39
       Tailslap          ||     7
Armor: Skin              ||    10
Dodge: Dodged            ||    31
       Rpst.: Falchion   ||    10
